AoeStats
← Ebrio

Black Forest

503267483Analyzed
4v4 RM · 1mo ago on Aug 30, 2026· 51m 5s· 8 players
Game mode
Random Map
Map size
Large (8 player)
Population
200
Speed
Normal
Resources
Standard
Victory
Conquest
Starting age
Dark Age
Ending age
Imperial Age
RankedLock teamsTeams togetherTeam positionsShared explorationLock speedFull tech treeHidden civsTurbo modeCheats
Victory
Defeat
🇧🇷 Bohemians · Brazil
975
+14
🇨🇱 Turks · Chile
941
+15
🇦🇷 Persians · Argentina
912
+17
🇦🇷 Burgundians · Argentina
905
+17
🇬🇧 Bulgarians · United Kingdom
940
-16
🇨🇦 Spanish · Canada
938
-16
🇦🇷 Khmer · Argentina
916
-15
🇹🇼 Bohemians · Taiwan
908
-15
SHARP99
1:05 Loom
13:07 Feudal Age
13:55 Double-Bit Axe
20:58 Castle Age
22:28 Gold Mining
22:50 Bow Saw
29:32 Horse Collar
34:59 Imperial Age
33:13 Wheelbarrow
33:33 Scale Barding Armor
34:14 Forging
35:38 Bloodlines
36:46 Two-Man Saw
36:35 Heavy Plow
36:30 Stone Mining
37:37 Hand Cart
38:02 Conscription
38:07 Onager
38:53 Cavalier
39:34 Husbandry
40:10 Paladin
43:17 Chemistry
42:07 Paladin
46:41 Chain Barding Armor
46:57 Iron Casting
mateakd2013
14:13 Feudal Age
18:42 Castle Age
18:01 Double-Bit Axe
37:12 Imperial Age
34:42 Pikeman
38:28 Elite Ballista Elephant
39:14 Tusk Swords
42:52 Halberdier
HighTowerM8
0:27 Loom
12:11 Feudal Age
12:35 Horse Collar
12:59 Double-Bit Axe
14:48 Wheelbarrow
14:50 Fishing Lines
20:20 Castle Age
23:38 Stone Mining
24:00 Bow Saw
25:06 Gillnets
26:13 Gold Mining
27:05 Stone Shaft Mining
28:16 Hand Cart
30:39 Gold Shaft Mining
33:36 Imperial Age
32:14 Caravan
33:29 Masonry
33:15 Murder Holes
33:40 Ballistics
33:45 Forging
33:35 Scale Mail Armor
33:41 Scale Barding Armor
33:26 Fletching
34:04 Stirrups
34:48 Architecture
35:18 Chemistry
35:02 Iron Casting
34:43 Chain Mail Armor
35:19 Conscription
35:37 Town Watch
36:57 Blast Furnace
35:54 Bodkin Arrow
36:20 Chain Barding Armor
36:33 Elite Konnik
38:39 Plate Mail Armor
38:45 Plate Barding Armor
38:11 Bracer
39:06 Siege Engineers
40:17 Town Patrol
40:20 Padded Archer Armor
40:12 Gambesons
40:28 Squires
40:15 Arson
39:53 Pikeman
43:31 Bagains
roger777
1:59 Loom
17:57 Feudal Age
19:59 Double-Bit Axe
20:22 Horse Collar
21:03 Man-at-Arms
26:01 Castle Age
24:14 Forging
23:55 Fletching
26:04 Pikeman
26:24 Crossbowman
27:15 Bodkin Arrow
28:25 Scale Mail Armor
32:50 Iron Casting
35:40 Fervor
37:13 Chemistry
36:34 Ballistics
38:09 Chain Mail Armor
38:51 Wheelbarrow
42:12 Imperial Age
40:34 Squires
42:44 Halberdier
47:32 Hand Cart
93arthas
7:39 Loom
10:25 Wheelbarrow
9:39 Double-Bit Axe
10:11 Horse Collar
13:14 Feudal Age
13:08 Gold Mining
14:23 Bow Saw
14:50 Gold Shaft Mining
14:37 Heavy Plow
19:15 Caravan
20:20 Hand Cart
24:23 Castle Age
22:24 Stone Mining
24:41 Stone Shaft Mining
25:16 Town Watch
25:32 Cavalier
27:17 Crop Rotation
27:33 Husbandry
29:06 Fishing Lines
30:10 Scale Barding Armor
30:16 Forging
30:32 Gillnets
35:19 Chain Barding Armor
39:28 Imperial Age
37:19 Fletching
37:30 Scale Mail Armor
39:36 Paladin
41:08 Plate Barding Armor
41:09 Iron Casting
40:01 Onager
41:35 Conscription
41:27 Burgundian Vineyards
Shibani
0:26 Loom
12:05 Feudal Age
15:43 Castle Age
13:59 Fishing Lines
14:07 Double-Bit Axe
16:44 Bow Saw
17:21 Fervor
17:09 Gillnets
25:50 Wheelbarrow
25:00 Town Watch
27:05 Hand Cart
27:40 Horse Collar
29:15 Heavy Plow
35:25 Imperial Age
34:16 Scale Mail Armor
34:26 Forging
35:19 Chemistry
34:30 Wagenburg Tactics
34:38 Pikeman
35:19 Squires
36:03 Redemption
35:57 Houfnice
36:46 Siege Engineers
36:04 Halberdier
37:10 Conscription
38:17 Masonry
38:59 Chain Mail Armor
39:19 Iron Casting
39:05 Hussite Reforms
40:29 Arson
42:28 Plate Mail Armor
42:58 Blast Furnace
41:48 Fletching
44:17 Ballistics
44:29 Architecture
45:34 Bodkin Arrow
45:35 Murder Holes
45:21 Treadmill Crane
49:49 Bracer
Ebrio
3:43 Loom
11:38 Feudal Age
12:48 Horse Collar
12:55 Double-Bit Axe
16:30 Castle Age
17:50 Wheelbarrow
17:28 Bow Saw
17:20 Heavy Plow
27:29 Fletching
28:59 Bodkin Arrow
34:22 Imperial Age
32:59 Hand Cart
32:54 Gold Mining
32:59 Stone Mining
33:16 Scale Barding Armor
33:22 Forging
34:32 Bloodlines
35:46 Gold Shaft Mining
35:44 Crop Rotation
36:16 Two-Man Saw
34:45 Cavalier
35:28 Padded Archer Armor
36:04 Iron Casting
36:13 Town Watch
37:06 Stone Shaft Mining
38:30 Chemistry
38:21 Crossbowman
39:09 Thumb Ring
39:10 Kamandaran
39:31 Conscription
39:42 Leather Archer Armor
39:49 Chain Barding Armor
38:53 Savar
39:45 Town Patrol
39:48 Husbandry
42:06 Ring Archer Armor
42:12 Plate Barding Armor
42:37 Blast Furnace
martinbm1989
7:52 Loom
13:10 Feudal Age
13:46 Double-Bit Axe
15:16 Horse Collar
15:30 Gold Mining
19:20 Stone Mining
26:00 Castle Age
28:19 Bow Saw
28:23 Scale Barding Armor
28:52 Heavy Plow
29:16 Forging
29:28 Chain Barding Armor
30:40 Gold Shaft Mining
31:04 Iron Casting
33:21 Fletching
33:32 Padded Archer Armor
37:31 Bloodlines
37:25 Husbandry
37:23 Bodkin Arrow
37:44 Leather Archer Armor
38:14 Wheelbarrow
37:26 Town Watch
39:30 Hand Cart
46:15 Imperial Age
44:12 Ballistics
47:24 Conscription
47:15 Bracer
47:45 Ring Archer Armor
48:18 Blast Furnace
47:53 Plate Barding Armor
48:35 Two-Man Saw
47:52 Caravan
50:01 Plate Barding Armor
Connection lost

Rejoining the realm…

Still unreachable

The connection could not be restored.

Session expired

The server has moved on; the page needs a fresh start.